 Dungeon Crawl Stone Soup version 0.29-a0-557-g43b9904bd1 (webtiles) character file.

Game seed: 9531174823237629150

8261 Lancel07 the Cleaver (level 11, -8/97 HPs)
             Began as a Hill Orc Monk on June 9, 2022.
             Was an Elder of Beogh.
             Mangled by an orc knight
             ... wielding a +0 great mace
              (33 damage)
             ... on level 1 of the Orcish Mines.
             The game lasted 00:18:22 (12160 turns).

Lancel07 the Cleaver (Hill Orc Monk)               Turns: 12160, Time: 00:18:22

Health: -8/97      AC: 20    Str: 19    XL:     11   Next: 28%
Magic:  11/11      EV:  6    Int: 10    God:    Beogh [****..]
Gold:   948        SH:  9    Dex: 13    Spells: 10/10 levels left

rFire   . . .      SeeInvis +   l - +2 hand axe (vorpal)
rCold   . . .      Faith    .   K - +0 kite shield
rNeg    + . .      Spirit   .   t - +0 plate armour
rPois   .          Reflect  .   x - +2 helmet {SInv}
rElec   .          Harm     .   e - scarf {shadows}
rCorr   .          Rampage  .   m - +0 pair of gloves
Will    .....                   z - +0 pair of boots
Stlth   ..........              f - amulet of the acrobat
HPRegen 0.26/turn               c - ring of positive energy
MPRegen 0.12/turn               (no ring)

@: studying Slings
A: no striking features
a: Renounce Religion, Smiting, Recall Orcish Followers


You were on level 1 of the Orcish Mines.
You worshipped Beogh.
Beogh was greatly pleased with you.
You visited 3 branches of the dungeon, and saw 11 of its levels.

You collected 948 gold pieces.

Inventory:

Hand Weapons
 l - a +2 vorpal hand axe (weapon)
 N - a +0 hand axe of flaming
Armour
 b - a +2 ring mail of cold resistance
 e - a scarf of shadows (worn)
 m - a +0 pair of gloves (worn)
 t - a +0 plate armour (worn)
 x - a +2 helmet of see invisible (worn)
 z - a +0 pair of boots (worn)
 K - a +0 kite shield (worn)
Jewellery
 c - a ring of positive energy (left hand)
 f - an amulet of the acrobat (around neck)
 E - a ring of positive energy
Wands
 h - a wand of mindburst (39)
 s - a wand of iceblast (23)
 A - a wand of flame (43)
 G - a wand of paralysis (8)
Scrolls
 d - a scroll of enchant weapon {unknown}
 g - 2 scrolls of vulnerability {unknown}
 o - 5 scrolls of teleportation {unknown}
 p - a scroll of fear {unknown}
 u - 4 scrolls of amnesia {unknown}
 v - 4 scrolls of poison {unknown}
 y - a scroll of noise {unknown}
 D - a scroll of blinking {unknown}
 F - 2 scrolls of enchant armour {unknown}
 H - 2 scrolls of identify {unknown}
 J - 3 scrolls of immolation {unknown}
 M - a scroll of fog {unknown}
Potions
 a - 2 potions of mutation {unknown}
 i - 3 potions of curing
 j - a potion of heal wounds
 k - 2 potions of might {unknown}
 n - 2 potions of degeneration {unknown}
 q - a potion of attraction {unknown}
 r - 3 potions of lignification {unknown}
 w - 2 potions of flight {unknown}
 B - 2 potions of haste {unknown}
 C - a potion of magic {unknown}
 I - a potion of brilliance {unknown}
 L - a potion of ambrosia


   Skills:
 * Level 9.3 Fighting
 * Level 14.1 Axes
 * Level 8.8 Armour
 * Level 6.3 Dodging
 - Level 1.5 Stealth
 * Level 4.6 Shields


You had 10 spell levels left.
You didn't know any spells.
Your spell library contained the following spells:

 Spells                   Type           Power      Damage    Failure   Level
 Sting                    Tmut/Pois      0%         1d3       100%        1
 Poisonous Vapours        Pois/Air       0%         N/A       100%        2
 Static Discharge         Conj/Air       0%         N/A       100%        2
 Ozocubu's Armour         Ice            0%         N/A       100%        3
 Olgreb's Toxic Radiance  Pois           0%         N/A       100%        4
 Lightning Bolt           Conj/Air       0%         1d11      100%        5
 Metabolic Englaciation   Hex/Ice        0%         N/A       100%        5
 Simulacrum               Ice/Necr       0%         N/A       100%        6
 Ozocubu's Refrigeration  Ice            0%         4d5       100%        7
 Borgnjor's Revivificati  Necr           0%         N/A       100%        8
 Ignition                 Fire           0%         3d3       100%        8
 Maxwell's Capacitive Co  Air            0%         ∞         100%        8
 Necromutation            Tmut/Necr      0%         N/A       100%        8
 Death's Door             Necr           0%         N/A       100%        9


Dungeon Overview and Level Annotations

Branches:
Dungeon (9/15)             Temple (1/1) D:5            Lair (0/6) D:9
    Orc (1/2) D:9

Altars:
Ashenzari
Cheibriados
Dithmenos
Elyvilon
Fedhas
Gozag
Hepliaklqana
Kikubaaqudgha
Makhleb
Nemelex Xobeh
Okawaru
Qazlal
Sif Muna
Trog
Uskayaw
Vehumet
Wu Jian
Xom
Yredelemnul
Zin
The Shining One
Beogh

Shops:
Orc:1 *


Message History

You now have 948 gold pieces (gained 4).
Things that are here:
a +0 hand axe; a +0 ring mail; a +0 dagger Beogh accepts your kill.
You feel a bit more experienced.
An orc knight opens the door.
Beogh accepts your kill.
You feel a bit more experienced.
Things that are here:
a +0 mace; 38 gold pieces; an orc corpse The orc knight no longer looks unusually strong.
Your orc no longer looks unusually strong.
You see here 16 gold pieces.
The orc knight roars a battlecry!
The orc knight goes into a battle-frenzy!
You see here 15 gold pieces.
You hit the orc knight but do no damage.
Your orc hits the orc knight but does no damage.
The orc knight is poisoned.
Found a morningstar.
The orc knight no longer looks unusually strong.
Your orc warrior no longer looks unusually strong.
The orc knight hits you with a +0 great mace.
The orc knight hits you with a +0 great mace!!
There is an open door, spattered with blood here.
The orc knight attacks as you move away!
The orc knight barely misses you.
The orc knight hits you with a +0 great mace!!
Your orc hits the orc knight but does no damage.
You hit the orc knight but do no damage. x2
You hit the orc knight but do no damage.
You slash the orc knight!
The orc knight hits you with a +0 great mace!!
* * * LOW HITPOINT WARNING * * *
Your orc warrior hits the orc knight with a +0 whip.
Your orc hits the orc knight but does no damage.
You block the orc knight's attack.
The orc knight attacks as you move away!
The orc knight hits you with a +0 great mace!!
You die...
Beogh appreciates the orc knight's killing of a heretic priest.

###8..o8### .......
##..)......# ........
##.....o..... .....#.#
#...#######... #......
#..##.....##.. #......
#..#.......#.. ##......
###))#.......#..##....... ##
##.#..#.......#) #...)....
##.##..#..##.@o..# .#.......#
#....#.#...###o###...#.#..#.##
#.....##.oooooo$'..##....###
###......####$$$$.#####.)..#
##..#......############.)))##
#......................#).##
##..................#....)..#
#........................#.##
##..........................#


You could see 2 orc knights, a friendly orc warrior and 6 friendly orcs.

Vanquished Creatures
  An ugly thing (D:9)
  2 orc sorcerers (Orc:1)
  An orange demon (D:9)
  Maggie (D:6)
  A komodo dragon (D:9)
  Grinder (D:6)
  A wyvern (D:9)
  Eustachio (D:6)
  A steam dragon (D:8)
  6 water moccasins
  5 orc warriors
  Pargi (D:4)
  3 ice beasts
  3 black bears (D:9)
  3 ogres
  2 centaurs
  2 phantoms (D:4)
  2 kobold brigands
  3 bullfrogs
  3 scorpions
  4 killer bees (D:9)
  A howler monkey (D:8)
  2 hounds (D:6)
  4 gnoll shamans (D:7)
  Terence (D:2)
  2 iguanas
  7 orc wizards
  Robin (D:4)
  17 gnolls
  6 adders
  A white imp (D:7)
  A worm (D:2)
  5 dart slugs
  22 orcs
  8 endoplasms
  4 giant cockroaches
  14 goblins
  7 hobgoblins
  14 jackals
  3 quokkas
  6 ball pythons
  6 bats
  3 frilled lizards
  14 kobolds
  10 rats
206 creatures vanquished.

Vanquished Creatures (collateral kills)
  A two-headed ogre (D:9)
  Amaemon (D:9)
  2 orc knights (Orc:1)
  3 water moccasins (D:9)
  4 orc warriors (Orc:1)
  A black bear (D:9)
  2 ogres (Orc:1)
  A centaur (D:9)
  A kobold brigand (D:9)
  A bullfrog (D:9)
  A killer bee (D:9)
  2 orc priests (D:9)
  3 orc wizards (Orc:1)
  11 orcs
  4 kobolds (D:9)
38 creatures vanquished.

Vanquished Creatures (others)
  A water moccasin (D:8)
  An orc warrior (Orc:1)
  An orc priest (Orc:1)
  3 orc wizards
  12 orcs
  26 fungi (D:9)
  25 plants (D:9)
69 creatures vanquished.

Grand Total: 313 creatures vanquished

Notes
Turn   | Place    | Note
-------+----------+-------------------------------------------
     0 | D:1      | Lancel07 the Hill Orc Monk began the quest for the Orb.
     0 | D:1      | Reached XP level 1. HP: 19/19 MP: 1/1
   820 | D:1      | Reached XP level 2. HP: 20/27 MP: 2/2
  1302 | D:1      | Reached XP level 3. HP: 22/33 MP: 3/3
  2037 | D:2      | Reached skill level 1 in Armour
  2361 | D:2      | Noticed Terence
  2383 | D:2      | Killed Terence
  2384 | D:2      | Reached skill level 5 in Axes
  2384 | D:2      | Reached XP level 4. HP: 13/41 MP: 4/4
  3062 | D:3      | Reached XP level 5. HP: 22/47 MP: 5/5
  3474 | D:3      | Identified the +7 trident of Arrival {flame, Str+4 Dex+4
                  | Stlth+}
  3770 | D:3      | Reached skill level 6 in Axes
  3984 | D:4      | Reached XP level 6. HP: 55/55 MP: 6/6
  4009 | D:4      | Reached skill level 5 in Fighting
  4009 | D:4      | Noticed Pargi
  4022 | D:4      | Killed Pargi
  4137 | D:4      | Reached skill level 7 in Axes
  4137 | D:4      | Reached XP level 7. HP: 54/61 MP: 7/7
  4525 | D:4      | Noticed Robin
  4544 | D:4      | Killed Robin
  5106 | D:5      | Entered Level 5 of the Dungeon
  5158 | D:5      | Reached skill level 8 in Axes
  5345 | D:5      | Reached XP level 8. HP: 60/69 MP: 8/8
  5417 | D:5      | Found a glowing golden altar of the Shining One.
  5514 | D:5      | Found a staircase to the Ecumenical Temple.
  5629 | D:5      | Found a hide-covered altar of Uskayaw.
  5668 | D:5      | Found a shimmering blue altar of Sif Muna.
  5868 | D:5      | Reached skill level 5 in Armour
  6084 | Temple   | Entered the Ecumenical Temple
  6289 | D:6      | Noticed Maggie
  6338 | D:6      | Killed Maggie
  6339 | D:6      | Reached skill level 9 in Axes
  6658 | D:6      | Noticed Eustachio
  6681 | D:6      | Reached XP level 9. HP: 78/78 MP: 9/9
  6713 | D:6      | Killed Eustachio
  6714 | D:6      | Reached skill level 10 in Axes
  6726 | D:6      | Noticed Grinder
  6747 | D:6      | Paralysed by Grinder for 3 turns
  6759 | D:6      | Killed Grinder
  7078 | D:6      | Became a worshipper of Beogh the Brigand
  7078 | D:6      | Reached * piety under Beogh
  7078 | D:6      | Reached ** piety under Beogh
  7614 | D:7      | Reached skill level 5 in Dodging
  7913 | D:7      | Reached skill level 11 in Axes
  8872 | D:8      | Reached *** piety under Beogh
  9397 | D:8      | Reached XP level 10. HP: 88/88 MP: 10/10
  9487 | D:9      | Reached skill level 12 in Axes
  9653 | D:9      | Reached skill level 1 in Shields
  9677 | D:9      | Found a staircase to the Lair.
  9982 | D:9      | Noticed a two-headed ogre
  9982 | D:9      | Noticed a brown ugly thing
  9989 | D:9      | Killed a two-headed ogre
  9990 | D:9      | Reached skill level 13 in Axes
  9996 | D:9      | Killed a brown ugly thing
 10126 | D:9      | Found a staircase to the Orcish Mines.
 10147 | D:9      | Found an ornate altar of the Wu Jian Council.
 10193 | D:9      | Found a burning altar of Makhleb.
 10195 | D:9      | Noticed a balrug
 10198 | D:9      | Noticed an orange demon
 10198 | D:9      | Noticed a smoke demon
 10272 | D:9      | Found a roughly hewn altar of Beogh.
 10494 | D:9      | Noticed Amaemon
 10494 | D:9      | Noticed an orange demon
 10510 | D:9      | Killed Amaemon
 10520 | D:9      | Killed an orange demon
 10957 | Orc:1    | Entered Level 1 of the Orcish Mines
 10957 | Orc:1    | Found Peg Zeup's Assorted Antiques.
 10990 | Orc:1    | Reached **** piety under Beogh
 11324 | Orc:1    | Reached XP level 11. HP: 90/97 MP: 11/11
 11477 | Orc:1    | Noticed an orc knight
 11478 | Orc:1    | Noticed an orc sorcerer
 11489 | Orc:1    | Killed an orc sorcerer
 11499 | Orc:1    | Killed an orc knight
 11500 | Orc:1    | Reached skill level 14 in Axes
 11948 | Orc:1    | Noticed an orc knight
 11949 | Orc:1    | Noticed an orc sorcerer
 11959 | Orc:1    | Killed an orc knight
 11961 | Orc:1    | Killed an orc sorcerer
 12136 | Orc:1    | Noticed an orc knight
 12137 | Orc:1    | Noticed an orc knight
 12160 | Orc:1    | Mangled by an orc knight

Illustrated notes

Levels and vault maps discovered:
D:1:      dpeg_arrival_line_fractal, layout_basic
D:2:      cheibrodos_helix_gallery, layout_loops_cross,
          shapermc_ecumenical_altar_mp_vishouse, minmay_box_of_dots,
          uniq_terence
D:3:      layout_basic, nicolae_figureground_pulse
D:4:      layout_loops_ring, minmay_manual_moon, uniq_robin, uniq_pargi
D:5:      layout_basic, led_sif_book, nicolae_tso_carved_into_rock,
          mainiacjoe_overflow_chevrons, minmay_temple_entry_sparse_star,
          kennysheep_pointless_box, kennysheep_cross_bottleneck
D:6:      layout_rooms, uniq_eustachio, uniq_maggie, uniq_grinder
D:7:      layout_loops_ring
D:8:      layout_basic, kennysheep_minor_cross
D:9:      layout_rooms, makhleb_altar_promises_db, lemuel_doored_altar,
          due_lair_maze_entry_diamond, minmay_orc_entry_temple_small,
          grunt_ministairs_13, minmay_misc_feat_secret_circle, uniq_amaemon
Temple:   nicolae_temple_elliptical
Orc:1:    cheibrodos_orc_arena, layout_caves, serial_shops, shop

Skill      XL: |  1  2  3  4  5  6  7  8  9 10 11 |
---------------+----------------------------------+-----
Fighting       | 4 5 6 7 9 |  9.3
Armour         | 1 2 3 4 6 7 8 |  8.8
Axes           | 5 6 7 8 9 11 13 14 | 14.1
Dodging        | 3 4 5 6 |  6.3
Shields        | 3 4 |  4.6
Stealth        | |  1.5

Action                   |  1- 3 |  4- 6 |  7- 9 | 10-12 || total
-------------------------+-------+-------+-------+-------++-------
Melee: Hand axe          |   169 |   184 |   400 |   205 ||   958
       Punch             |     2 |     1 |     8 |       ||    11
Invok: Convert to Beogh  |       |       |     1 |       ||     1
       Recall Orcish Fol |       |       |       |     1 ||     1
  Use: Potion            |     1 |       |     2 |     3 ||     6
 Stab: Sleeping          |     7 |     2 |       |       ||     9
       Distracted        |     1 |       |       |     1 ||     2
Armor: Robe              |    35 |       |       |       ||    35
       Leather armour    |     1 |       |       |       ||     1
       Ring mail         |       |    82 |   186 |    63 ||   331
       Plate armour      |       |       |       |    21 ||    21
Dodge: Dodged            |   117 |    93 |   299 |    94 ||   603
Block: Kite shield       |       |       |     1 |    80 ||    81

Table legend: (Time is in decaauts)
 A = Elapsed time spent in this place.
 B = Non-inter-level travel time spent in this place.
 C = Inter-level travel time spent in this place.
 D = Time resting spent in this place.
 E = Time spent auto-exploring this place.
 F = Levels seen in this place.
 G = Mean time per level.
                   A        B        C        D        E       F      G
               +--------+--------+--------+--------+--------+-----+--------+
         Total |  12067 |  12012 |     55 |      0 |   9808 |  11 | 1097.0 |
       Dungeon |  10743 |  10688 |     55 |      0 |   8813 |   9 | 1193.7 |
        Temple |    143 |    143 |      0 |      0 |      0 |   1 |  143.0 |
  Orcish Mines |   1180 |   1180 |      0 |      0 |    995 |   1 | 1180.0 |
               +--------+--------+--------+--------+--------+-----+--------+

Top non-repeatable levels by time:
     D:1: 2019 daAuts
     D:9: 1465 daAuts
     D:7: 1222 daAuts
   Orc:1: 1180 daAuts
     D:4: 1129 daAuts
     D:6: 1033 daAuts
     D:5: 1010 daAuts
     D:2: 1007 daAuts
     D:3: 960 daAuts
     D:8: 895 daAuts
  Temple: 143 daAuts
